 Dungeon Crawl Stone Soup version 0.29-a0-43-g62a80824bf (webtiles) character file.

Game seed: 13736309618425970058

45 HallandMoats the Skirmisher (level 3, 24/24 HPs)
             Began as a Gargoyle Fighter on Feb 2, 2022.
             Was a Believer of Lugonu.
             Got out of the dungeon alive.
             The game lasted 00:01:10 (925 turns).

HallandMoats the Skirmisher (Gargoyle Fighter)       Turns: 925, Time: 00:01:11

Health: 24/24      AC: 10    Str: 21    XL:     3   Next: 64%
Magic:  3/3        EV:  9    Int:  8    God:    Lugonu [**....]
Gold:   58         SH:  4    Dex:  9    Spells: 2/2 levels left

rFire   . . .      SeeInvis .   a - +0 trident
rCold   . . .      Faith    .   c - +0 buckler
rNeg    + . .      Spirit   .   b - +0 scale mail
rPois   ∞          Reflect  .   (no helmet)
rElec   +          Harm     .   (no cloak)
rCorr   .          Rampage  .   (no gloves)
Will    .....                   (no boots)
Stlth   ..........              (no amulet)
HPRegen 0.08/turn               (no ring)
MPRegen 0.08/turn               (no ring)

@: no status effects
A: sickness immunity, AC +3, negative energy resistance 1, electricity
resistance, torment resistance 1, petrification resistance
a: Renounce Religion, Depart the Abyss, Bend Space


You escaped.
You worshipped Lugonu.
Lugonu was pleased with you.
You visited 1 branch of the dungeon, and saw 1 of its levels.

You collected 58 gold pieces.

Inventory:

Hand Weapons
 a - a +0 trident (weapon)
Armour
 b - a +0 scale mail (worn)
 c - a +0 buckler (worn)
Scrolls
 e - 3 scrolls of magic mapping {unknown}
 f - a scroll of silence {unknown}
Potions
 d - a potion of might


   Skills:
 * Level 3.8 Fighting
 * Level 2.2 Polearms
 + Level 3.5 Armour
 + Level 0.5 Dodging
 + Level 3.5 Shields
 * Level 1.2 Invocations


You had 2 spell levels left.
You didn't know any spells.
Your spell library contained the following spells:

 Spells                   Type           Power      Damage    Failure   Level
 Slow                     Hex            0%         N/A       83%         1
 Confusing Touch          Hex            0%         N/A       99%         3
 Vampiric Draining        Necr           0%         2d6       99%         3
 Alistair's Intoxication  Tmut/Pois      0%         N/A       100%        5
 Borgnjor's Vile Clutch   Necr/Erth      0%         N/A       100%        5
 Eringya's Noxious Bog    Tmut/Pois      0%         N/A       100%        6


Dungeon Overview and Level Annotations

Branches:
Dungeon (1/15)

Altars:
Lugonu


Innate Abilities, Weirdness & Mutations

You are immune to sickness and miasma.
Your stone body is resilient. (AC +3)
You are immune to poison.
You resist negative energy. (rN+)
You are resistant to electric shocks. (rElec)
You are resistant to unholy torment.
You are immune to petrification.


Message History

No target in view!
No target in view!
No target in view!
No target in view!
No target in view!
No target in view!
No target in view!
No target in view!
No target in view!
No target in view!
No target in view!
No target in view!
No target in view!
No target in view!
No target in view!
No target in view!
Things that are here:
a giant cockroach corpse; a jackal corpse; a jackal corpse
There is a large open door here.
There is a large open door here.
Key pressed, stopping explore.
Done exploring.
Done exploring.
Done exploring.
Search for what [? for help]? altar You see here 10 bolts.
There is a faded altar of an unknown god here.
You cannot tell which god this altar belongs to.
Convert to them anyway?
Lugonu accepts your prayer! Lugonu welcomes you!
You can now depart the Abyss.
You can now bend space around yourself.
(D) Dungeon
Where to? (Enter - D:1 @ (x,y), ? - help)
What level of the Dungeon? (default 1, ? - help)
You see here a +0 club.
There is a large open door here.
There is a large open door here.
There is a staircase leading out of the dungeon here.
Are you sure you want to leave the Dungeon?
This will make you lose the game!
You have escaped!

#.############.# #.
#.##...........# #.
#.##.########..# #.
#.##.# #######.#
####.
#....###....##.#
#....
####.##.####.#.#
#####.#..
#..#.8####'.#
#........
#.##.#...#'.#
#.####...
#.##.#.@..###
#.♣#♣#♣.♣
##########.##.#...##
#......).
#..........##.#.###
##♣#♣#♣.♣
#.###########..##
#... #.# ##### #...
#.# #.# ###. #.# #.#
## #.# #.# # #.# #.#
#


There were no monsters in sight!

Vanquished Creatures
  2 dart slugs (D:1)
  3 endoplasms (D:1)
  3 giant cockroaches (D:1)
  4 goblins (D:1)
  3 hobgoblins (D:1)
  6 jackals (D:1)
  A kobold (D:1)
  A quokka (D:1)
  5 ball pythons (D:1)
  4 bats (D:1)
  A rat (D:1)
33 creatures vanquished.

Notes
Turn   | Place    | Note
-------+----------+-------------------------------------------
     0 | D:1      | HallandMoats the Gargoyle Fighter began the quest for the
                  | Orb.
     0 | D:1      | Reached XP level 1. HP: 14/14 MP: 1/1
    80 | D:1      | Reached XP level 2. HP: 19/19 MP: 2/2
   369 | D:1      | Reached skill level 1 in Invocations
   419 | D:1      | Reached XP level 3. HP: 23/23 MP: 3/3
   522 | D:1      | Found a faded altar of an unknown god.
   878 | D:1      | Prayed at the altar of an unknown god.
   878 | D:1      | Became a worshipper of Lugonu the Unformed
   878 | D:1      | Reached * piety under Lugonu
   878 | D:1      | Reached ** piety under Lugonu
   925 | D:$      | Got out of the dungeon alive.

Illustrated notes

Levels and vault maps discovered:
D:1:      saegor_arrival_simple_e, layout_loops_ring, serial_forest,
          infiniplex_forest_lined_room_2, infiniplex_forest_clump_diagonal,
          infiniplex_forest_lined_3, infiniplex_forest_lined_room_2,
          infiniplex_forest_straight_4, basic_ecumenical_altar

Skill      XL: |  1  2 |
---------------+-------+-----
Polearms       | 2 |  2.2
Invocations    | 1 |  1.2
Fighting       | |  3.8
Armour         | |  3.5
Dodging        | |  0.5
Shields        | |  3.5

Action                   || total
-------------------------++-------
Melee: Trident           ||    83
 Stab: Distracted        ||     1
Armor: Scale mail        ||    39
Dodge: Dodged            ||    28
Block: Buckler           ||    20

Table legend: (Time is in decaauts)
 A = Elapsed time spent in this place.
 B = Non-inter-level travel time spent in this place.
 C = Inter-level travel time spent in this place.
 D = Time resting spent in this place.
 E = Time spent auto-exploring this place.
 F = Levels seen in this place.
 G = Mean time per level.
                   A        B        C        D        E       F      G
               +--------+--------+--------+--------+--------+-----+--------+
         Total |    944 |    867 |     77 |      0 |    704 |   1 |  944.0 |
       Dungeon |    944 |    867 |     77 |      0 |    704 |   1 |  944.0 |
               +--------+--------+--------+--------+--------+-----+--------+

Top non-repeatable levels by time:
     D:1: 944 daAuts
